 Dungeon Crawl Stone Soup version 0.19-a0-4-ga5c5ac4 (webtiles) character file.

68 graki42 the Firebug (level 4, -4/24 HPs)
             Began as a Deep Elf Fire Elementalist on Apr 28, 2016.
             Slain by beholder's ghost (6 damage)
             ... on level 3 of the Dungeon.
             The game lasted 00:06:57 (1475 turns).

graki42 the Firebug (Deep Elf Fire Elementalist)    Turns: 1475, Time: 00:06:58

Health: -4/24      AC:  2    Str:  6    XL:     4   Next: 1%
Magic:  5/10       EV: 13    Int: 20    God:
Gold:   99         SH:  0    Dex: 15    Spells: 1 memorised, 8 levels left

rFire  . . .     SeeInvis .     m - +0 long sword
rCold  . . .     Gourm    .     a - +0 robe
rNeg   . . .     Faith    .     (no shield)
rPois  +         Spirit   .     (no helmet)
rElec  .         Dismiss  .     (no cloak)
rCorr  .         Reflect  .     (no gloves)
SustAt +         Harm     .     (no boots)
MR     .....                    (no amulet)
Stlth  ++........               d - ring of poison resistance
                                i - ring of sustain attributes

@: not resistant to hostile enchantments, unstealthy
A: no striking features
a: no special abilities


You were on level 3 of the Dungeon.
You were hungry.

You visited 1 branch of the dungeon, and saw 3 of its levels.

You collected 99 gold pieces.

Inventory:

Hand Weapons
 m - a +0 long sword (weapon)
Armour
 a - a +0 robe (worn)
Jewellery
 d - a ring of poison resistance (right hand)
 i - a ring of sustain attributes (left hand)
Wands
 r - a wand of paralysis (24/24)
Scrolls
 g - a scroll of identify
 k - a scroll of enchant armour {unknown}
 l - a scroll of fear
Potions
 e - a potion of resistance {unknown}
 j - a potion of agility
 o - a potion of berserk rage {unknown}
 p - a potion of invisibility {unknown}
 q - a potion of haste {unknown}
 t - a potion of might {unknown}
 w - a potion of heal wounds {unknown}
Books
 b - a book of Flames

   Spells                             Type                      Level
   a - Flame Tongue                   Conjuration/Fire             1
   b - Throw Flame                    Conjuration/Fire             2
   c - Conjure Flame                  Conjuration/Fire             3
   d - Inner Flame                    Hexes/Fire                   3
   e - Sticky Flame                   Conjuration/Fire             4
   f - Fireball                       Conjuration/Fire             5
Comestibles
 c - a bread ration
 f - 5 meat rations
 h - a beef jerky


   Skills:
 + Level 0.2 Fighting
 + Level 2.8 Dodging
 + Level 2.7 Stealth
 + Level 3.2 Spellcasting
 * Level 2.5 Conjurations
 + Level 4.1 Fire Magic


You had 8 spell levels left.
You knew the following spells:

 Your Spells              Type           Power        Failure   Level  Hunger
a - Flame Tongue          Conj/Fire      ###..        3%          1    None


Dungeon Overview and Level Annotations

Branches:
Dungeon (3/15)

Altars:
Fedhas
Okawaru
Ru

Annotations:
D:3 beholder's ghost, amateur FoAK


Message History

Casting: Flame Tongue
Confirm with . or Enter, or press ? or * to list all spells.
Aiming: Flame Tongue
Press: ? - help, Shift-Dir - straight line, f/p - beholder's ghost
Aim: beholder's ghost, wielding a weapon of electrocution (moderately damaged)
The flame tongue hits beholder's ghost.
Beholder's ghost resists.
Beholder's ghost is moderately damaged.
Beholder's ghost hits you!
Ouch! That really hurt!
You are electrocuted!
* * * LOW HITPOINT WARNING * * *
Casting: Flame Tongue
Confirm with . or Enter, or press ? or * to list all spells.
Aiming: Flame Tongue
Press: ? - help, Shift-Dir - straight line, f/p - beholder's ghost
Aim: beholder's ghost, wielding a weapon of electrocution (moderately damaged)
The flame tongue hits beholder's ghost.
Beholder's ghost resists.
Beholder's ghost is moderately damaged.
Beholder's ghost hits you.
You die...

###############
#.......†......
#.#....†####### #.#.###.#
#.#.###.# .## ##
#.#...#.###########..... .#
#.###.#.W..W............
.###.....#############...?.
................@W.....>..#
.#######.######..##s..## .
.# #.# #..# .# .#######.###
#.... ##.........# #.####
.#.........# #..
.#.........# #.#
.#.........####?#
.#...........#


You could see beholder's ghost and a giant cockroach.

Vanquished Creatures
  2 worms
  3 dart slugs (D:1)
  2 giant geckos
  4 orcs (D:3)
  2 giant cockroaches
  9 hobgoblins
  2 quokkas (D:3)
  2 ball pythons (D:2)
  3 bats
  3 giant newts
  5 goblins
  5 kobolds
  9 rats
51 creatures vanquished.

Notes
Turn   | Place    | Note
--------------------------------------------------------------
     0 | D:1      | graki42 the Deep Elf Fire Elementalist began the quest for the Orb.
     0 | D:1      | Reached XP level 1. HP: 10/10 MP: 6/6
    94 | D:1      | Reached XP level 2. HP: 14/15 MP: 0/8
   441 | D:1      | Reached skill level 4 in Fire Magic
   512 | D:2      | Reached XP level 3. HP: 19/19 MP: 9/9
   586 | D:2      | Found a blossoming altar of Fedhas.
  1113 | D:3      | Found a sacrificial altar of Ru.
  1150 | D:3      | Found an iron altar of Okawaru.
  1384 | D:3      | Reached XP level 4. HP: 17/24 MP: 2/10
  1400 | D:3      | Noticed beholder's ghost (amateur FoAK)
  1475 | D:3      | Slain by beholder's ghost

Vault maps used:
D:1:      roderic_dead_forest, hangedman_abyss_or_decor_lesser_grid
D:2:      lemuel_doored_altar
D:3:      nicolae_ru_sacrificial_ziggurat, old_standard_altar, first_bread,
          okawaru_gym_becter

Skill      XL: |  1  2  3 |
---------------+----------+-----
Fire Magic     | 4 |  4.1
Conjurations   | 2 |  2.5
Fighting       | |  0.2
Dodging        | |  2.8
Stealth        | |  2.7
Spellcasting   | |  3.2

Action                   |  1- 3 |  4- 6 || total
-------------------------+-------+-------++-------
Melee: Unarmed           |    10 |       ||    10
       Dagger            |     1 |       ||     1
       Long sword        |     1 |       ||     1
 Cast: Flame Tongue      |    82 |     6 ||    88
  Use: Scroll            |     9 |       ||     9
 Stab: Sleeping          |     1 |       ||     1
  Eat: Chunk             |     1 |       ||     1
Armor: Robe              |     7 |       ||     7
Dodge: Dodged            |    24 |       ||    24
